 Dungeon Crawl Stone Soup version 0.30.0-19-g36f170ea60 (webtiles) character file.

Game seed: 5304621318730636808

1068 sampeng1 the Trooper (level 8, -2/53 (71) HPs)
             Began as a Pale Draconian Berserker on May 27, 2023.
             Was a Priest of Trog.
             Slain by Duvessa
             ... wielding a +0 short sword of draining
              (4 damage)
             ... on level 5 of the Dungeon.
             The game lasted 00:13:54 (4309 turns).

sampeng1 the Trooper (Pale Draconian Berserker)     Turns: 4309, Time: 00:13:54

HP:   -2/53 (71)    AC:  7    Str: 22    XL:     8   Next: 7%
MP:   0/8           EV: 13    Int:  8    God:    Trog [***...]
Gold: 228           SH:  0    Dex: 10    Spells: 7/7 levels left

rFire   . . .        o - +0 war axe
rCold   . . .        (no shield)
rNeg    . . .        (body armour unavailable)
rPois   +            (helmet restricted)
rElec   .            u - +0 cloak
rCorr   .            (no gloves)
SInv    .            (no boots)
Will    .....        b - amulet of guardian spirit
Stlth   +            g - ring of poison resistance
HPRegen 0.28/turn    (no ring)
MPRegen 0.11/turn

%: random rage (3%), guardian spirit
@: mighty, on berserk cooldown, slowed, studying Throwing, very heavily drained,
very slow
A: breathe steam, AC +6, unfitting armour, cold-blooded, steam resistance,
hooves 1, berserk 1, wild magic 1
a: Breathe Steam, Renounce Religion, Berserk, Trog's Hand


You were on level 5 of the Dungeon.
You worshipped Trog.
Trog was most pleased with you.
You visited 1 branch of the dungeon, and saw 5 of its levels.

You collected 228 gold pieces.

Inventory:

Hand Weapons
 o - a +0 war axe (weapon)
Missiles
 m - 6 curare-tipped darts
 q - 7 poisoned darts (quivered)
Armour
 u - a +0 cloak (worn)
Jewellery
 b - an amulet of guardian spirit (around neck)
 g - a ring of poison resistance (left hand)
 h - a ring of magical power
Scrolls
 d - a scroll of fear
 i - a scroll of teleportation
 s - a scroll of blinking
Potions
 a - a potion of invisibility {unknown}
 c - a potion of attraction
 e - a potion of resistance
 f - 3 potions of might
 j - 3 potions of curing
 k - a potion of ambrosia
 n - a potion of lignification {unknown}
 t - a potion of flight {unknown}


   Skills:
 + Level 6.8 Fighting
 + Level 6.2 Axes
 + Level 5.6 Dodging


You had 7 spell levels left.
You didn't know any spells.
Your spell library was empty.

Dungeon Overview and Level Annotations

Branches:
Dungeon (5/15)             Temple (0/1) D:5

Altars:
Uskayaw

Annotations:
D:5 Duvessa


Innate Abilities, Weirdness & Mutations

You can breathe blasts of scalding, opaque steam.
Your pale cyan-grey scales are hard. (AC +6)
You cannot fit into any form of body armour.
You are cold-blooded and may be slowed by cold attacks.
You are immune to the effects of steam.
You have large cloven feet.
You sometimes lose your temper in combat.
Your spells are a little harder to cast, but a little more powerful.


Message History

An orc comes into view. It is wielding a +0 club.
You hit Duvessa. Your kick misses Duvessa.
Duvessa is lightly wounded.
You have got your breath back.
Duvessa closely misses you. x2; Duvessa barely misses you.
You hit Duvessa. You kick Duvessa, but do no damage.
Duvessa is lightly wounded.
Duvessa hits you with a +0 short sword of draining.
You feel drained.
Duvessa hits you with a +0 short sword of draining.
You feel drained.
You feel much better. Duvessa barely misses you.
Duvessa hits you with a +0 short sword of draining.
You feel drained. Duvessa closely misses you.
You feel very mighty all of a sudden.
Duvessa hits you with a +0 short sword of draining.
You feel drained. Duvessa hits you but does no damage.
You feel drained.
You slice Duvessa!!
You tail-slap Duvessa, but do no damage.
Duvessa is severely wounded.
Duvessa hits you with a +0 short sword of draining!
You feel drained.
Duvessa hits you with a +0 short sword of draining!
You feel drained.
Duvessa hits you with a +0 short sword of draining!
* * * LOW HITPOINT WARNING * * *
You feel drained.
* * * LOW HITPOINT WARNING * * *
You hit Duvessa but do no damage. Your kick misses Duvessa.
You tail-slap Duvessa.
Duvessa is severely wounded.
Duvessa barely misses you.
Duvessa hits you with a +0 short sword of draining!
* * * LOW HITPOINT WARNING * * *
You feel drained.
* * * LOW HITPOINT WARNING * * *
You barely miss Duvessa. You kick Duvessa, but do no damage.
Duvessa is severely wounded.
Duvessa hits you with a +0 short sword of draining.
You die...

..# ..#####. ########
.. ........ ......#
#. ..######
.....###.. )##
....#... .# .....#
.## .o:# ..#######
##e# ))......# ##.@#
#.^####.# #†)##
#)..###.# ##)##
#.......# ##†.#
#.#.########..######
#...........)........
#.#..##...(##########
#...>[..####
#.#######


You could see Duvessa (berserk) and an orc.

Vanquished Creatures
  Menkaure (D:4)
  A black bear (D:5)
  An ogre (D:5)
  A phantom (D:5)
  A scorpion (D:4)
  Dowan (D:5)
  A howler monkey (D:4)
  A jelly (D:5)
  2 orc priests (D:5)
  Crazy Yiuf (D:4)
  A hound (D:5)
  Jessica (D:2)
  A sleepcap (D:5)
  Ijyb (D:5)
  Natasha (D:2)
  5 orc wizards
  7 adders
  3 gnolls (D:4)
  A worm (D:2)
  12 orcs
  5 endoplasms
  3 giant cockroaches
  5 goblins
  3 hobgoblins
  12 jackals
  4 quokkas
  6 ball pythons
  7 bats
  5 frilled lizards
  9 kobolds
  A rat (D:2)
104 creatures vanquished.

Notes
Turn   | Place    | Note
-------+----------+-------------------------------------------
     0 | D:1      | sampeng1 the Draconian Berserker began the quest for the
                  | Orb.
     0 | D:1      | Reached XP level 1. HP: 19/19 MP: 1/1
   142 | D:1      | Reached XP level 2. HP: 26/26 MP: 2/2
  1012 | D:2      | Noticed Jessica
  1022 | D:2      | Reached XP level 3. HP: 5/33 MP: 3/3
  1026 | D:2      | Killed Jessica
  1159 | D:2      | Reached ** piety under Trog
  1206 | D:2      | Reached XP level 4. HP: 40/40 MP: 4/4
  1508 | D:2      | Noticed Natasha
  1518 | D:2      | Killed Natasha
  1977 | D:2      | Identified the +5 ring mail of Guexiot {rElec Int+2}
  2012 | D:2      | Gained mutation: Your spells are a little harder to cast,
                  | but a little more powerful. [potion of mutation]
  2012 | D:2      | Gained mutation: Your magical capacity is low. (-10% MP)
                  | [potion of mutation]
  2013 | D:2      | Lost mutation: Your spells are a little harder to cast, but
                  | a little more powerful. [potion of mutation]
  2013 | D:2      | Lost mutation: Your magical capacity is low. (-10% MP)
                  | [potion of mutation]
  2013 | D:2      | Gained mutation: You sometimes lose your temper in combat.
                  | [potion of mutation]
  2013 | D:2      | Gained mutation: Your spells are a little harder to cast,
                  | but a little more powerful. [potion of mutation]
  2013 | D:2      | Gained mutation: You have large cloven feet. [potion of
                  | mutation]
  2108 | D:3      | Reached XP level 5. HP: 47/47 MP: 5/5
  3007 | D:4      | Noticed Menkaure
  3009 | D:4      | Reached *** piety under Trog
  3010 | D:4      | Reached skill level 5 in Fighting
  3018 | D:4      | Killed Menkaure
  3019 | D:4      | Reached XP level 6. HP: 9/56 MP: 0/6
  3259 | D:4      | Reached skill level 5 in Axes
  3525 | D:4      | Found a hide-covered altar of Uskayaw.
  3761 | D:4      | Found a runed translucent door.
  3762 | D:4      | Noticed Crazy Yiuf
  3772 | D:4      | Killed Crazy Yiuf
  3879 | D:5      | Entered Level 5 of the Dungeon
  3898 | D:5      | Your scales start taking on a pale cyan-grey colour.
  3898 | D:5      | Reached XP level 7. HP: 60/62 MP: 7/7
  3898 | D:5      | Gained mutation: You are immune to the effects of steam.
                  | [Pale Draconian growth]
  3941 | D:5      | Reached skill level 5 in Dodging
  4229 | D:5      | Found a staircase to the Ecumenical Temple.
  4279 | D:5      | Noticed Dowan
  4279 | D:5      | Noticed Duvessa
  4282 | D:5      | Noticed Ijyb
  4285 | D:5      | Killed Dowan
  4286 | D:5      | Reached XP level 8. HP: 63/71 MP: 6/8
  4300 | D:5      | Killed Ijyb
  4308 | D:5      | HP: 1/53 [Duvessa/+0 short sword of draining (3)]
  4309 | D:5      | Slain by Duvessa

Illustrated notes

Levels and vault maps discovered:
D:1:      ebering_hopf_link, layout_basic
D:2:      layout_basic, uniq_jessica, uniq_natasha
D:3:      layout_basic
D:4:      layout_gridville, nicolae_overflow_crystal_walls,
          uniq_crazy_yiuf_cottage, uniq_menkaure
D:5:      layout_basic, nzn_wu_jian_council_hall, minmay_temple_entry_grid,
          goddamned_bats, uniq_duvessa, uniq_ijyb

Skill      XL: |  1  2  3  4  5  6  7 |
---------------+----------------------+-----
Dodging        | 3 4 5 |  5.6
Fighting       | 4 5 6 |  6.8
Axes           | 4 5 6 |  6.2

Action                     |  1- 3 |  4- 6 |  7- 9 || total
---------------------------+-------+-------+-------++-------
  Melee: Hand axe          |   106 |    83 |       ||   189
         Tailslap          |     9 |    12 |    11 ||    32
         Kick              |       |    19 |    19 ||    38
         War axe           |       |    46 |    53 ||    99
         Punch             |       |       |     1 ||     1
 Invoke: Berserk           |     1 |     3 |     1 ||     5
         Trog's Hand       |       |     1 |       ||     1
Ability: Breathe Steam     |       |       |     2 ||     2
    Use: Scroll            |     8 |     8 |       ||    16
         Potion            |     1 |     4 |     2 ||     7
   Stab: Sleeping          |     2 |     1 |       ||     3
 Armour: Skin              |    42 |    54 |    22 ||   118
  Dodge: Dodged            |    79 |    90 |    35 ||   204
